 Dungeon Crawl Stone Soup version 0.24.0-123-gd5b16e6ec5 (webtiles) character file.

Game seed: 4442677838299614653, levelgen mode: deterministic

71 Elellon the Chopper (level 4, -5/39 HPs)
             Began as a Hill Orc Fighter on Jan 19, 2020.
             Killed by nerve-wracking pain
             ... invoked by Grinder
              (11 damage)
             ... on level 3 of the Dungeon.
             The game lasted 00:01:26 (1526 turns).

Elellon the Chopper (Hill Orc Fighter)              Turns: 1526, Time: 00:01:26

Health: -5/39      AC:  6    Str: 19    XL:     4   Next: 24%
Magic:  4/4        EV:  7    Int:  8    God:
Gold:   132        SH:  9    Dex: 10    Spells: 3/3 levels left

rFire    . . .     SeeInvis .   a - +0 war axe
rCold    . . .     Gourm    .   c - +0 shield
rNeg     . . .     Faith    .   b - +0 scale mail
rPois    .         Spirit   .   (no helmet)
rElec    .         Reflect  .   (no cloak)
rCorr    .         Harm     .   (no gloves)
MR       .....                  (no boots)
Stlth    ..........             (no amulet)
HPRegen  0.13/turn              (no ring)
MPRegen  0.09/turn              (no ring)

@: lethally poisoned (-5 -> -8)
A: no striking features
a: no special abilities


You were on level 3 of the Dungeon.
You were not hungry.

You visited 1 branch of the dungeon, and saw 3 of its levels.

You collected 132 gold pieces.

Inventory:

Hand Weapons
 a - a +0 war axe (weapon)
Armour
 b - a +0 scale mail (worn)
 c - a +0 shield (worn)
Jewellery
 g - an uncursed amulet of the acrobat {unknown}
 h - a cursed ring of attention {unknown}
 n - a cursed ring of teleportation {unknown}
 r - a +4 ring of evasion {unknown}
Scrolls
 e - 2 scrolls of blinking {unknown}
 j - 2 scrolls of remove curse {unknown}
 l - 4 scrolls of identify {unknown}
 o - a scroll of random uselessness {unknown}
Potions
 d - a potion of might
 i - a potion of heal wounds {unknown}
 k - 3 potions of curing {unknown}
 m - 2 potions of lignification {unknown}
 q - a potion of agility {unknown}
Comestibles
 f - a ration


   Skills:
 - Level 3.6 Fighting
 + Level 5.8 Axes
 - Level 3.2 Armour
 - Level 3.2 Shields


You had 3 spell levels left.
You didn't know any spells.
Your spell library was empty.

Dungeon Overview and Level Annotations

Branches:
Dungeon (3/15)

Altars:

Annotations:
D:3 Grinder


Message History

You feel sick. Grinder hits you.
* * * LOW HITPOINT WARNING * * *
You writhe in agony.
* * * LOW HITPOINT WARNING * * *
The kobold hits you but does no damage.
You can move again.
You are too injured to fight recklessly!
You are too injured to fight recklessly!
You are too injured to fight recklessly!
You slash the kobold!
You kill the kobold!
You closely miss Grinder. Grinder barely misses you.
Grinder hits you but does no damage.
You feel sick. You block Grinder's attack. Grinder closely misses you.
There is a stone staircase leading down here.
You see here 5 poisoned darts.
You barely miss Grinder. Grinder gestures at you.
Pain shoots through your body!
You die...

. .. .. .. .# ########
.# ##......##
.####...≈≈≈.≈##########
.........≈..(.(.@.....#
≈####..≈≈...####5######
## ###.....# #.# #
#..#(## #.# ##.#(# #.#
#.#)# #.# #≈..(..≈...
#..≈≈≈≈≈≈≈≈≈
#≈≈≈≈≈≈≈≈≈≈.


You could see Grinder.

Vanquished Creatures
  4 adders (D:2)
  2 worms (D:2)
  A leopard gecko (D:2)
  2 giant cockroaches
  5 goblins
  3 hobgoblins (D:2)
  7 kobolds
  4 bats
  A frilled lizard (D:1)
  4 rats
33 creatures vanquished.

Notes
Turn   | Place    | Note
-------+----------+-------------------------------------------
     0 | D:1      | Elellon the Hill Orc Fighter began the quest for the Orb.
     0 | D:1      | Reached XP level 1. HP: 19/19 MP: 1/1
    32 | D:1      | Reached skill level 3 in Axes
   405 | D:1      | Reached XP level 2. HP: 25/26 MP: 2/2
   583 | D:2      | Reached skill level 4 in Axes
   911 | D:2      | Reached XP level 3. HP: 29/31 MP: 3/3
   958 | D:2      | Reached skill level 5 in Axes
  1201 | D:2      | Reached XP level 4. HP: 33/39 MP: 4/4
  1514 | D:3      | Noticed Grinder
  1520 | D:3      | Paralysed by Grinder for 4 turns
  1526 | D:3      | Killed from afar by Grinder

Levels and vault maps discovered:
D:1:      giann_horns, layout_rooms
D:2:      layout_rooms
D:3:      layout_basic, gammafunk_temple_overflow_wave, serial_rivers,
          chequers_serial_rivers_large_a, chequers_serial_rivers_micro_c,
          chequers_serial_rivers_micro_b, chequers_serial_rivers_small_a,
          chequers_serial_rivers_micro_c, chequers_serial_rivers_large_b,
          uniq_grinder, uniq_natasha, uniq_robin

Skill      XL: |  1  2  3 |
---------------+----------+-----
Axes           | 3 4 5 |  5.8
Fighting       | |  3.6
Armour         | |  3.2
Shields        | |  3.2

Action                   |  1- 3 |  4- 6 || total
-------------------------+-------+-------++-------
Melee: War axe           |    84 |    26 ||   110
  Eat: Chunk             |     1 |     1 ||     2
Armor: Scale mail        |    47 |    16 ||    63
Dodge: Dodged            |    33 |    12 ||    45
Block: Shield            |    50 |    17 ||    67
